 Dungeon Sprint DCSS version 0.19.1 (webtiles) character file.

135 KingBobo974 the Spear-Bearer (level 4, -4/38 HPs)
             Began as a Draconian Berserker on Dec 14, 2016.
             Was an Elder of Trog.
             Slain by a hill giant
             ... wielding a +0 giant club
              (31 damage)
             ... in the Dungeon (Sprint IX: "|||||||||||||||||||||||||||||").
             The game lasted 00:02:17 (310 turns).

KingBobo974 the Spear-Bearer (Draconian Berserker)   Turns: 310, Time: 00:02:18

Health: -4/38      AC:  5    Str: 21    XL:     4   Next: 97%
Magic:  4/4        EV: 15    Int: 10    God:    Trog [****..]
Gold:   0          SH:  0    Dex: 13    Spells: 0 memorised, 3 levels left

rFire  . . .     SeeInvis .     n - +4 quarterstaff (speed)
rCold  . . .     Gourm    .     (armour unavailable)
rNeg   . . .     Faith    .     (shield currently unavailable)
rPois  .         Spirit   .     (helmet restricted)
rElec  .         Reflect  .     (no cloak)
rCorr  .         Harm     .     (no gloves)
MR     .....     NoTele   +     (no boots)
Stlth  +.........               (no amulet)
                                s - +3 ring of intelligence
                                t - +3 ring of dexterity

@: lethally poisoned (-4 -> -8)
A: unfitting armour, cold-blooded, AC +5
a: Berserk, Trog's Hand, Brothers in Arms, Burn Spellbooks, Renounce Religion


You were in the Dungeon.
You worshipped Trog.
Trog was greatly pleased with you.
You were not hungry.

You visited 1 branch

Inventory:

Hand Weapons
 a - a +0 spear
 l - a +2 halberd of protection
 m - a +2 morningstar of protection
 n - a +4 quarterstaff of speed (weapon)
 o - a +2 rapier of venom
 p - a +2 scimitar of flaming
 q - a +3 war axe of chopping
Magical Staves
 r - an uncursed staff of energy
Jewellery
 s - a +3 ring of intelligence (right hand)
 t - a +3 ring of dexterity (left hand)
Wands
 k - a wand of acid (7/15)
Scrolls
 h - 2 scrolls of blinking
 j - 3 scrolls of remove curse
Potions
 c - 5 potions of curing
 d - 3 potions of heal wounds
 e - a potion of haste
 f - 4 potions of magic
 g - a potion of berserk rage
 i - a potion of invisibility
Comestibles
 b - a bread ration


   Skills:
 - Level 3.2 Fighting
 * Level 8.7 Polearms
 + Level 5.8 Dodging


You had 3 spell levels left.
You didn't know any spells.

Dungeon Overview and Level Annotations

Branches:
Dungeon (1/1)

Altars:
Cheibriados
Dithmenos
Elyvilon
Fedhas
Gozag
Hepliaklqana
Kikubaaqudgha
Makhleb
Nemelex Xobeh
Okawaru
Qazlal
Ru
Sif Muna
Trog
Uskayaw
Vehumet
Xom
Yredelemnul
Zin
The Shining One
Beogh
Jiyva
Lugonu


Innate Abilities, Weirdness & Mutations

Your plain brown scales are hard. (AC +5)
You cannot fit into any form of body armour.
You are cold-blooded and may be slowed by cold attacks.


Message History

The killer bee is severely wounded.
The killer bee stings you. The killer bee closely misses you.
You closely miss the killer bee.
Your tail-slap misses the killer bee.
The killer bee is severely wounded.
The killer bee stings you.
You sock the killer bee!
You kill the killer bee!
Trog accepts your kill.
Your Polearms skill increases to level 8!
You feel sick.
You sock the hill giant!
The hill giant is lightly wounded.
The hill giant misses you.
You sock the hill giant!
The hill giant is moderately wounded.
You sock the hill giant! You tail-slap the hill giant.
The hill giant is heavily wounded.
The hill giant hits you with a giant club!!
Ouch! That really hurt!
You die...

▓+▓
▓.▓
▓.▓
▓5▓
▓J▓
▓c▓
▓C▓
▓@▓
▓.▓
▓.▓
▓[▓
▓[▓
▓[▓
▓.▓
▓.▓
▓?▓


You could see a hill giant, a centaur, a jelly and a quasit.

Vanquished Creatures
  A killer bee (D)
  A hound (D)
  An orc wizard (D)
  A gnoll shaman (D)
  2 bats (D)
  A goblin (D)
  A ball python skeleton (D)
  A frilled lizard (D)
  A leopard gecko skeleton (D)
  2 rats (D)
12 creatures vanquished.

Notes
Turn   | Place    | Note
-------+----------+-------------------------------------------
     0 | D        | KingBobo974 the Draconian Berserker began the quest for the Orb.
     0 | D        | Reached XP level 1. HP: 19/19 MP: 1/1
    15 | D        | Reached ** piety under Trog
    16 | D        | Reached skill level 4 in Polearms
    24 | D        | Noticed an orc wizard
    24 | D        | Noticed a gnoll shaman
    46 | D        | Killed a gnoll shaman
    46 | D        | Reached skill level 6 in Polearms
    46 | D        | Reached XP level 2. HP: 10/26 MP: 2/2
    46 | D        | Reached XP level 3. HP: 12/31 MP: 3/3
    48 | D        | Reached *** piety under Trog
    54 | D        | Reached **** piety under Trog
    58 | D        | Found a roughly hewn altar of Beogh.
    58 | D        | Found a snail-covered altar of Cheibriados.
    58 | D        | Found a shadowy altar of Dithmenos.
    58 | D        | Found a white marble altar of Elyvilon.
    58 | D        | Found a blossoming altar of Fedhas.
    58 | D        | Found an opulent altar of Gozag.
    59 | D        | Found a hazy altar of Hepliaklqana.
    60 | D        | Found a viscous altar of Jiyva.
    61 | D        | Found an ancient bone altar of Kikubaaqudgha.
    62 | D        | Found a corrupted altar of Lugonu.
    63 | D        | Found a burning altar of Makhleb.
    64 | D        | Found a sparkling altar of Nemelex Xobeh.
    65 | D        | Found an iron altar of Okawaru.
    66 | D        | Found a stormy altar of Qazlal.
   112 | D        | Found a sacrificial altar of Ru.
   218 | D        | Found a deep blue altar of Sif Muna.
   257 | D        | Found a bloodstained altar of Trog.
   258 | D        | Found a hide-covered altar of Uskayaw.
   259 | D        | Found a radiant altar of Vehumet.
   260 | D        | Found a shimmering altar of Xom.
   261 | D        | Found a basalt altar of Yredelemnul.
   262 | D        | Found a glowing silver altar of Zin.
   263 | D        | Found a glowing golden altar of the Shining One.
   296 | D        | Noticed a hill giant
   296 | D        | Noticed a centaur
   296 | D        | Noticed a killer bee
   302 | D        | Reached skill level 7 in Polearms
   302 | D        | Reached skill level 5 in Dodging
   302 | D        | Reached XP level 4. HP: 38/38 MP: 4/4
   307 | D        | Reached skill level 8 in Polearms
   310 | D        | Slain by a hill giant

Skill      XL: |  1  2  3  4 |
---------------+-------------+-----
Dodging        | 4 5 |  5.8
Polearms       | 6 7 8 |  8.7
Fighting       | |  3.2

Action                   |  1- 3 |  4- 6 || total
-------------------------+-------+-------++-------
Melee: Spear             |    40 |       ||    40
       Tailslap          |     6 |     2 ||     8
       Quarterstaff      |     5 |     8 ||    13
Invok: Berserk           |     1 |       ||     1
 Stab: Sleeping          |     1 |       ||     1
Armor: Skin              |     7 |       ||     7
Dodge: Dodged            |    17 |     4 ||    21
